 Dungeon Crawl Stone Soup version 0.29-a0-284-gf9362112df (webtiles) character file.

Game seed: 7855863487232307836

1643 siradein the Quickloader (level 8, -4/75 HPs)
             Began as a Minotaur Hunter on Mar 18, 2022.
             Slain by an orc warrior
             ... wielding a +0 scimitar
              (18 damage)
             ... on level 5 of the Dungeon.
             The game lasted 00:13:26 (3974 turns).

siradein the Quickloader (Minotaur Hunter)          Turns: 3974, Time: 00:13:27

Health: -4/75      AC:  6    Str: 16    XL:     8   Next: 67%
Magic:  7/7        EV: 16    Int:  6    God:
Gold:   227        SH:  0    Dex: 22    Spells: 7/7 levels left

rFire   + . .      SeeInvis .   b - +6 dagger of Luxury {drain, rF+ Dex+6}
rCold   . . .      Faith    .   (no shield)
rNeg    . . .      Spirit   .   q - +0 ring mail
rPois   .          Reflect  .   (helmet restricted)
rElec   .          Harm     .   (no cloak)
rCorr   .          Rampage  .   (no gloves)
Will    .....                   (no boots)
Stlth   +.........              (no amulet)
HPRegen 0.22/turn               (no ring)
MPRegen 0.10/turn               (no ring)

@: no status effects
A: horns 2, retaliatory headbutt
a: no special abilities


You were on level 5 of the Dungeon.
You visited 1 branch of the dungeon, and saw 5 of its levels.

You collected 227 gold pieces.

Inventory:

Hand Weapons
 a - a +1 hand crossbow
 b - the +6 dagger of Luxury (weapon) {drain, rF+ Dex+6}
   (You found it on level 2 of the Dungeon)

   A truly terrible weapon, it drains the life of any living foe it strikes.
   Dex:       It affects your dexterity (+6).
   rF:        It protects you from fire.
Missiles
 p - a curare-tipped dart
Armour
 q - a +0 ring mail (worn)
Wands
 j - a wand of flame (26)
Scrolls
 c - a scroll of immolation
 d - 2 scrolls of fear
 f - 2 scrolls of teleportation {unknown}
 g - a scroll of magic mapping {unknown}
 k - a scroll of summoning {unknown}
 m - a scroll of silence {unknown}
 n - a scroll of blinking {unknown}
 r - a scroll of vulnerability {unknown}
 s - a scroll of fog {unknown}
Potions
 i - 3 potions of curing
 l - a potion of heal wounds
 o - a potion of degeneration {unknown}
 t - a potion of brilliance {unknown}


   Skills:
 + Level 8.6 Fighting
 + Level 11.5 Crossbows
 * Level 6.6 Armour
 + Level 7.8 Dodging
 - Level 0.7 Stealth


You had 7 spell levels left.
You didn't know any spells.
Your spell library contained the following spells:

 Spells                   Type           Power      Damage    Failure   Level
 Shock                    Conj/Air       0%         1d3       65%         1
 Ensorcelled Hibernation  Hex/Ice        0%         N/A       78%         2
 Passwall                 Tmut/Erth      0%         N/A       78%         2
 Swiftness                Air            0%         N/A       95%         3
 Airstrike                Air            0%         N/A       100%        4


Dungeon Overview and Level Annotations

Branches:
Dungeon (5/15)
 Temple: D:4-7

Altars:
Ashenzari
Kikubaaqudgha
Xom

Shops:
D:1 !   D:4 :


Innate Abilities, Weirdness & Mutations

You have a pair of horns on your head.
You reflexively headbutt those who attack you in melee.


Message History

The orc wizard suddenly yells.
You shoot a bolt. The bolt barely misses the orc warrior.
The orc warrior hits you with a +0 scimitar!
An orc wizard comes into view. It is wielding a +0 dagger.
You shoot a bolt. The orc wizard shouts!
The bolt hits the orc warrior.
The orc warrior is heavily wounded.
The orc warrior closely misses you.
You shoot a bolt.
The bolt hits the orc warrior but does no damage.
The orc warrior is heavily wounded.
The orc warrior hits you with a +0 scimitar!
You shoot a bolt. The bolt hits the orc warrior.
The orc warrior is heavily wounded.
The orc warrior hits you with a +0 scimitar!
You shoot a bolt.
The bolt closely misses the orc warrior.
The bolt barely misses the orc wizard.
The bolt hits the orc wizard!
The orc wizard is severely wounded.
The orc warrior hits you with a +0 scimitar! x2
* * * LOW HITPOINT WARNING * * *
You are too injured to fight recklessly!
You are too injured to fight recklessly!
You are too injured to fight recklessly!
You feel agile.
You sense an unholy aura.
b - the +6 dagger of Luxury (weapon)
{drain, rF+ Dex+6} You hit the orc warrior but do no damage.
You drain the orc warrior.
The orc warrior is severely wounded.
The orc wizard gestures wildly while chanting.
The orc wizard flickers and vanishes!
Deactivating autopickup; reactivate with Ctrl-A.
The orc warrior hits you with a +0 scimitar!
* * * LOW HITPOINT WARNING * * *
You hit the orc warrior but do no damage.
The orc warrior is severely wounded.
The orc warrior hits you with a +0 scimitar!!
You die...

#.....###
#........
#.....# #.....##
#####......#
#.....####.#
###. #.<...#
....
#.....#####o.##
#........@o{..#
#.....######...#
#.....# ...
#...... .
#..###+# ##.# #.


You could see an orc warrior (drained) and an orc.

Vanquished Creatures
  An ogre (D:4)
  A necrophage (D:3)
  A kobold brigand (D:3)
  A scorpion (D:4)
  3 howler monkeys (D:3)
  An orc priest (D:3)
  2 gnoll shamans (D:3)
  A hound (D:3)
  An orc wizard (D:3)
  2 adders
  15 gnolls (D:3)
  A worm (D:2)
  5 dart slugs
  21 orcs
  9 ball pythons
  4 bats
  7 endoplasms
  3 giant cockroaches
  7 goblins
  10 hobgoblins
  15 jackals
  5 kobolds
  3 quokkas
  A frilled lizard (D:1)
  4 rats
124 creatures vanquished.

Vanquished Creatures (others)
  A fungus (D:3)
  A plant (D:3)
2 creatures vanquished.

Grand Total: 126 creatures vanquished

Notes
Turn   | Place    | Note
-------+----------+-------------------------------------------
     0 | D:1      | siradein the Minotaur Hunter began the quest for the Orb.
     0 | D:1      | Reached XP level 1. HP: 18/18 MP: 0/0
   218 | D:1      | Reached XP level 2. HP: 25/25 MP: 1/1
   218 | D:1      | Found Toppuygh's Distillery.
   578 | D:1      | Reached skill level 5 in Crossbows
   604 | D:1      | Reached XP level 3. HP: 31/31 MP: 2/2
   943 | D:2      | Found a faded altar of an unknown god.
  1175 | D:2      | Identified the +6 dagger of Luxury {drain, rF+ Dex+6}
  1704 | D:3      | Reached XP level 4. HP: 38/38 MP: 3/3
  1717 | D:3      | Reached XP level 5. HP: 44/46 MP: 4/4
  1726 | D:3      | Reached skill level 6 in Crossbows
  1740 | D:3      | Reached XP level 6. HP: 37/53 MP: 5/5
  2056 | D:3      | Reached skill level 7 in Crossbows
  2410 | D:3      | Reached skill level 5 in Fighting
  2416 | D:3      | Reached XP level 7. HP: 56/61 MP: 6/6
  2785 | D:3      | Found a broken altar of Ashenzari.
  3232 | D:4      | Reached skill level 1 in Armour
  3521 | D:4      | Found Wec Wawy's Book Boutique.
  3676 | D:4      | Reached skill level 8 in Crossbows
  3676 | D:4      | Reached skill level 5 in Dodging
  3913 | D:4      | Found an ancient bone altar of Kikubaaqudgha.
  3914 | D:4      | Found a shimmering altar of Xom.
  3921 | D:4      | Reached skill level 11 in Crossbows
  3921 | D:4      | Reached XP level 8. HP: 75/75 MP: 7/7
  3949 | D:5      | Entered Level 5 of the Dungeon
  3974 | D:5      | Slain by an orc warrior

Illustrated notes

Levels and vault maps discovered:
D:1:      minmay_arrival_semitransparent, layout_rooms, serial_shops,
          nicolae_shop_trees, chequers_jeans, minmay_tree_intersection,
          minmay_misc_feat_rugged
D:2:      layout_loops_cross, basic_ecumenical_altar, minmay_statues_item
D:3:      lemuel_castle_with_subvaults [lemuel_castle_interior_carwin_3],
          layout_loops_ring, nicolae_ashenzari_skybound
D:4:      layout_loops_cross, mainiacjoe_overflow_divided_tiny, serial_shops,
          kennysheep_little_box, kennysheep_dice
D:5:      layout_rooms, mainiacjoe_overflow_24_doors,
          minmay_temple_entry_slanted

Skill      XL: |  1  2  3  4  5  6  7 |
---------------+----------------------+-----
Fighting       | 3 4 5 8 |  8.6
Crossbows      | 5 6 7 11 | 11.5
Dodging        | 3 4 7 |  7.8
Armour         | 6 |  6.6
Stealth        | |  0.7

Action                   |  1- 3 |  4- 6 |  7- 9 || total
-------------------------+-------+-------+-------++-------
Melee: Dagger            |     2 |    49 |    14 ||    65
       Headbutt          |       |     5 |     2 ||     7
 Fire: Hand crossbow     |   104 |    70 |   117 ||   291
  Use: Scroll            |       |       |     4 ||     4
       Potion            |       |       |     1 ||     1
Armor: Leather armour    |     7 |     6 |       ||    13
       Ring mail         |       |       |    16 ||    16
Dodge: Dodged            |    20 |    29 |    31 ||    80

Table legend: (Time is in decaauts)
 A = Elapsed time spent in this place.
 B = Non-inter-level travel time spent in this place.
 C = Inter-level travel time spent in this place.
 D = Time resting spent in this place.
 E = Time spent auto-exploring this place.
 F = Levels seen in this place.
 G = Mean time per level.
                   A        B        C        D        E       F      G
               +--------+--------+--------+--------+--------+-----+--------+
         Total |   4032 |   3885 |    147 |    170 |   2969 |   5 |  806.4 |
       Dungeon |   4032 |   3885 |    147 |    170 |   2969 |   5 |  806.4 |
               +--------+--------+--------+--------+--------+-----+--------+

Top non-repeatable levels by time:
     D:3: 1642 daAuts
     D:1: 806 daAuts
     D:4: 796 daAuts
     D:2: 761 daAuts
     D:5: 25 daAuts
